 Dungeon Crawl Stone Soup version 0.29.1-15-g9cfb28693d (webtiles) character file.

Game seed: 5022985950117798824

12788 GasterBasher the Spear-Bearer (level 11, -3/104 HPs)
             Began as a Minotaur Berserker on Apr 25, 2023.
             Was an Elder of Trog.
             Slain by a nine-headed hydra (7 damage)
             ... on level 11 of the Dungeon.
             The game lasted 00:31:18 (11067 turns).

GasterBasher the Spear-Bearer (Minotaur Berserker) Turns: 11067, Time: 00:31:19

Health: -3/104     AC: 20    Str: 29    XL:     11   Next: 67%
Magic:  10/10      EV:  9    Int:  4    God:    Trog [****..]
Gold:   1560       SH: 11    Dex: 15    Spells: 10/10 levels left

rFire   . . .      SeeInvis .   k - +6 hand axe "Eviscerator" {freeze, *Corrode rC++ Str+4}
rCold   + + .      Faith    .   j - +0 tower shield
rNeg    + . .      Spirit   .   n - +3 chain mail "Koid" {rPois rN+ rCorr}
rPois   +          Reflect  .   (helmet restricted)
rElec   +          Harm     +   y - scarf {harm}
rCorr   +          Rampage  .   g - +0 pair of gloves of Sigheh {rElec Will- Dex+4}
Will    .....                   (no boots)
Stlth   ..........              (no amulet)
HPRegen 0.27/turn               C - ring of willpower
MPRegen 0.12/turn               J - +4 ring of protection

@: on berserk cooldown, slowed, very slow
A: horns 2, retaliatory headbutt
a: Renounce Religion, Berserk, Trog's Hand, Brothers in Arms


You were on level 11 of the Dungeon.
You worshipped Trog.
Trog was greatly pleased with you.
You visited 1 branch of the dungeon, and saw 11 of its levels.

You collected 2718 gold pieces.
You spent 1158 gold pieces at shops.

Inventory:

Hand Weapons
 a - a +1 vampiric spear
 k - the +6 hand axe "Eviscerator" (weapon) {freeze, *Corrode rC++ Str+4}
   (You found it on level 2 of the Dungeon)

   It freezes those it strikes, dealing additional cold damage.
   It can also slow down cold-blooded creatures.
   Str:       It affects your strength (+4).
   rC:        It greatly protects you from cold.
   *Corrode:  It may corrode you when you take damage.
Missiles
 i - 2 throwing nets (quivered)
Armour
 g - the +0 pair of gloves of Sigheh (worn) {rElec Will- Dex+4}
   (You acquired it on level 3 of the Dungeon)

   Dex:       It affects your dexterity (+4).
   rElec:     It insulates you from electricity.
   Will:      It decreases your willpower.
 j - a +0 tower shield (worn)
 n - the +3 chain mail "Koid" (worn) {rPois rN+ rCorr}
   (You bought it in a shop on level 1 of the Dungeon)

   rPois:     It protects you from poison.
   rN:        It protects you from negative energy.
   rCorr:     It protects you from acid and corrosion.
 y - a scarf of harm (worn)
Jewellery
 o - a ring of positive energy
 w - an amulet of the acrobat
 C - a ring of willpower (left hand)
 G - a ring of protection from cold
 J - a +4 ring of protection (right hand)
Wands
 b - a wand of flame (15)
 h - a wand of digging (17)
 q - a wand of quicksilver (3)
 r - a wand of roots (5)
Scrolls
 f - 2 scrolls of blinking
 s - a scroll of silence {unknown}
 x - 3 scrolls of fog
 z - 3 scrolls of teleportation
 D - 2 scrolls of fear {unknown}
 F - a scroll of vulnerability {unknown}
 H - a scroll of enchant armour {unknown}
 I - 2 scrolls of magic mapping
Potions
 c - 7 potions of curing
 d - 2 potions of magic
 e - 2 potions of invisibility
 l - 2 potions of mutation
 m - a potion of haste
 p - 4 potions of heal wounds
 t - 3 potions of brilliance
 u - a potion of cancellation {unknown}
 v - 3 potions of resistance
 A - 2 potions of berserk rage
 B - 2 potions of degeneration {unknown}
 E - 2 potions of flight
 K - a potion of attraction {unknown}


   Skills:
 + Level 11.8 Fighting
 + Level 11.9 Polearms
 + Level 11.5 Armour
 + Level 10.6 Dodging


You had 10 spell levels left.
You didn't know any spells.
Your spell library was empty.

Dungeon Overview and Level Annotations

Branches:
Dungeon (11/15)            Temple (0/1) D:7            Lair (0/5) D:9
    Orc (0/2) D:11

Altars:
Ashenzari
Cheibriados
Hepliaklqana
Qazlal
Sif Muna
Trog
Uskayaw
Wu Jian
Xom
Zin
The Shining One

Shops:
D:1 [   D:4 !   D:8 *?

Annotations:
D:11 1 transporter


Innate Abilities, Weirdness & Mutations

You have a pair of horns on your head.
You reflexively headbutt those who attack you in melee.


Message History

The eight-headed hydra bites you but does no damage.
The eight-headed hydra bites you.
You block the eight-headed hydra's attack.
The wyvern bites you but does no damage.
You slice one of the eight-headed hydra's heads off!
The seven-headed hydra grows two more!
You slice the nine-headed hydra!! You freeze the nine-headed hydra.
The nine-headed hydra is heavily wounded.
You slash the moth of wrath! You freeze the moth of wrath.
You slash the wyvern! You freeze the wyvern. The wyvern bites you!!
* * * LOW HITPOINT WARNING * * *
The moth of wrath bites you but does no damage.
You block the nine-headed hydra's attack.
The nine-headed hydra closely misses you.
The nine-headed hydra bites you.
* * * LOW HITPOINT WARNING * * *
The nine-headed hydra barely misses you.
The nine-headed hydra closely misses you.
The nine-headed hydra bites you!
* * * LOW HITPOINT WARNING * * *
The nine-headed hydra barely misses you. x2
The nine-headed hydra closely misses you.
The wyvern bites you!
* * * LOW HITPOINT WARNING * * *
The wyvern attacks as you move away! The wyvern barely misses you.
You furiously retaliate!
You headbutt the wyvern!
You kill the wyvern!
Trog accepts your kill.
You feel a strong urge to attack something.
You are no longer berserk.
You are exhausted.
You feel yourself slow down.
The nine-headed hydra barely misses you. x2
The nine-headed hydra bites you.
* * * LOW HITPOINT WARNING * * *
You block the nine-headed hydra's attack.
The nine-headed hydra barely misses you.
The nine-headed hydra bites you but does no damage.
The nine-headed hydra bites you.
You die...

....)..#.......................(.
.......#..............###.....8..
##........####.©.####..##........
.#......###. #####..##.##........
.#####.##..#.$$}=....#..#........
.......#....###[..##.##.#....#...
..##+#.##.#...†y#.....#.#####....
..#..[..#D..#..D..##..#.........8
..#.....#S.##..#@.....#..........
..#.....#....#...#...##..........
..#.....##......#....#...........
..#......##©###..#####.#########.
..#.......###©####.............##
..#................####..........
..##...........#............#####
...#...........#............#
...#############......#####.#


You could see a nine-headed hydra (berserk) and a moth of wrath.

Vanquished Creatures
  The ghost of Seidenschwarz the Eclecticist, a journeyman DECj of Vehumet (D:11)
  A hydra (D:11)
  A boulder beetle (D:6)
  Pikel (D:5)
  A deep elf pyromancer (D:11)
  A cyclops (D:11)
  Maurice (D:11)
  An elephant (D:9)
  A troll (D:10)
  Prince Ribbit (D:7)
  Sigmund (D:3)
  A shadow (D:10)
  A wraith (D:11)
  13 yaks
  A basilisk (D:9)
  8 vampire mosquitoes
  3 wyverns
  Edmund (D:5)
  Duvessa (D:4)
  4 water moccasins
  A black bear (D:9)
  3 orc warriors
  The ghost of feetsoup the Chopper, an amateur HuBe of Trog (D:3)
  A phantom (D:3)
  2 centaurs
  A kobold brigand (D:9)
  2 bullfrogs
  A gnoll sergeant (D:9)
  3 scorpions
  Dowan (D:4)
  22 killer bees
  2 electric eels (D:6)
  2 howler monkeys (D:8)
  4 hounds
  6 orc priests
  A bullfrog skeleton (D:3)
  A centaur skeleton (D:3)
  A gnoll bouda (D:7)
  Ijyb (D:3)
  2 iguanas (D:5)
  9 orc wizards
  A howler monkey zombie (D:3)
  Robin (D:2)
  8 gnolls
  6 adders
  A white imp (D:7)
  An ufetubus (D:7)
  2 worms
  7 dart slugs
  27 orcs
  7 bats
  8 endoplasms
  4 giant cockroaches
  12 goblins
  11 hobgoblins
  6 jackals (D:5)
  2 quokkas
  11 ball pythons
  2 frilled lizards
  8 kobolds
  6 rats
242 creatures vanquished.

Vanquished Creatures (collateral kills)
  A two-headed ogre (D:9)
  A komodo dragon (D:11)
  A howler monkey (D:9)
3 creatures vanquished.

Vanquished Creatures (others)
  A fungus (D:9)
  A plant (D:9)
2 creatures vanquished.

Grand Total: 247 creatures vanquished

Notes
Turn   | Place    | Note
-------+----------+-------------------------------------------
     0 | D:1      | GasterBasher the Minotaur Berserker began the quest for the
                  | Orb.
     0 | D:1      | Reached XP level 1. HP: 19/19 MP: 0/0
    98 | D:1      | Reached XP level 2. HP: 27/27 MP: 1/1
   101 | D:1      | Found a faded altar of an unknown god.
   457 | D:1      | Found Plog's Antique Armour Emporium.
   626 | D:1      | Reached XP level 3. HP: 33/33 MP: 2/2
   631 | D:1      | Reached ** piety under Trog
   987 | D:2      | Noticed Robin
  1001 | D:2      | Killed Robin
  1247 | D:2      | Reached XP level 4. HP: 38/40 MP: 3/3
  1569 | D:1      | Bought a tower shield for 99 gold pieces
  1763 | D:2      | Reached *** piety under Trog
  1962 | D:2      | Identified the +6 hand axe "Eviscerator" {freeze, *Corrode
                  | rC++ Str+4}
  2248 | D:3      | Found a transporter.
  2248 | D:3      | Noticed Ijyb
  2250 | D:3      | Noticed feetsoup's ghost (amateur HuBe)
  2255 | D:3      | Noticed a phantom
  2260 | D:3      | Killed Ijyb
  2261 | D:3      | Reached XP level 5. HP: 35/47 MP: 4/4
  2337 | D:3      | Found a transporter.
  2585 | D:3      | Noticed Sigmund
  2597 | D:3      | Killed Sigmund
  2598 | D:3      | Reached skill level 5 in Fighting
  2598 | D:3      | Reached skill level 5 in Polearms
  2598 | D:3      | Reached XP level 6. HP: 32/56 MP: 5/5
  2996 | D:3      | Identified 2 scrolls of acquirement
  2996 | D:3      | Acquired 683 gold pieces
  2997 | D:3      | Acquired the +0 pair of gloves of Sigheh {rElec Will-
                  | Dex+4}
  3083 | D:1      | Bought a ruby-encrusted chain mail for 209 gold pieces
  3083 | D:1      | Identified the +3 chain mail "Koid" {rPois rN+ rCorr} (You
                  | bought it in a shop on level 1 of the Dungeon)
  3182 | D:3      | Killed feetsoup's ghost
  3188 | D:3      | Reached skill level 5 in Armour
  3188 | D:3      | Reached XP level 7. HP: 62/62 MP: 6/6
  3342 | D:4      | Found Cunt's Distillery.
  3350 | D:4      | Bought a potion of heal wounds for 70 gold pieces
  3502 | D:4      | Noticed Dowan
  3503 | D:4      | Found a shimmering blue altar of Sif Muna.
  3512 | D:4      | Killed Dowan
  3584 | D:4      | Noticed Duvessa
  3589 | D:4      | Killed Duvessa
  3590 | D:4      | Reached skill level 5 in Dodging
  3850 | D:4      | Found a glowing silver altar of Zin.
  3880 | D:4      | Found a bloodstained altar of Trog.
  4095 | D:5      | Entered Level 5 of the Dungeon
  4203 | D:5      | Noticed Pikel
  4213 | D:5      | Killed Pikel
  4214 | D:5      | Reached XP level 8. HP: 73/73 MP: 7/7
  4308 | D:5      | Noticed Edmund
  4318 | D:5      | Killed Edmund
  4907 | D:5      | Identified the +6 quarterstaff "Transmigrator" {spect,
                  | MP+9}
  5494 | D:6      | Noticed a boulder beetle
  5502 | D:6      | Reached XP level 9. HP: 81/81 MP: 8/8
  5508 | D:6      | Killed a boulder beetle
  5964 | D:7      | Reached **** piety under Trog
  6057 | D:7      | Noticed Prince Ribbit
  6069 | D:7      | Killed Prince Ribbit
  6515 | D:7      | Found an ornate altar of the Wu Jian Council.
  6592 | D:7      | Found a staircase to the Ecumenical Temple.
  6822 | D:8      | Found a broken altar of Ashenzari.
  6854 | D:8      | Found Huemitz's Assorted Antiques.
  6979 | D:8      | Found a hide-covered altar of Uskayaw.
  7041 | D:8      | Found a shimmering altar of Xom.
  7041 | D:8      | Found a shimmering altar of Xom.
  7042 | D:8      | Found a shimmering altar of Xom.
  7043 | D:8      | Found a shimmering altar of Xom.
  7241 | D:8      | Noticed a steelbarb worm
  7265 | D:8      | Found Sevoafafou's Magic Scroll Boutique.
  7273 | D:8      | Found a snail-covered altar of Cheibriados.
  7277 | D:8      | Bought a scroll of acquirement for 780 gold pieces
  7277 | D:8      | Acquired 793 gold pieces
  7502 | D:9      | Noticed a two-headed ogre
  7506 | D:9      | Killed a two-headed ogre
  7507 | D:9      | Reached XP level 10. HP: 91/91 MP: 9/9
  8041 | D:9      | Found a staircase to the Lair.
  8041 | D:9      | Noticed an elephant
  8048 | D:9      | Killed an elephant
  8052 | D:9      | Reached skill level 10 in Fighting
  8052 | D:9      | Reached skill level 10 in Polearms
  8058 | D:9      | Reached skill level 10 in Armour
  8475 | D:9      | Found a runed translucent door.
  8496 | D:9      | Reached ***** piety under Trog
  8756 | D:10     | Entered Level 10 of the Dungeon
  9065 | D:10     | Found a hazy altar of Hepliaklqana.
  9065 | D:10     | Found a glowing golden altar of the Shining One.
  9530 | D:10     | Reached XP level 11. HP: 85/101 MP: 10/10
  9686 | D:11     | Acquired 414 gold pieces
  9907 | D:11     | Reached skill level 10 in Dodging
  9942 | D:11     | Found a stormy altar of Qazlal.
  9960 | D:11     | Noticed a deep elf pyromancer
  9966 | D:11     | Killed a deep elf pyromancer
 10077 | D:11     | Found a transporter.
 10088 | D:11     | Noticed Seidenschwarz's ghost (journeyman DECj)
 10089 | D:11     | Noticed a five-headed hydra
 10101 | D:11     | Found a transporter.
 10360 | D:11     | Found a staircase to the Orcish Mines.
 10604 | D:11     | Noticed a four-headed hydra
 10605 | D:11     | Noticed Maurice
 10611 | D:11     | Killed an eight-headed hydra
 10648 | D:11     | Killed Maurice
 11057 | D:11     | Noticed a four-headed hydra
 11063 | D:11     | Killed Seidenschwarz's ghost
 11065 | D:11     | HP: 7/156 [wyvern (18)]
 11067 | D:11     | Slain by a nine-headed hydra

Illustrated notes

Levels and vault maps discovered:
D:1:      lightli_arrival_noodles, layout_basic, serial_shops, shop,
          ebering_ecumenical_altar_ruins, minmay_unequal
D:2:      layout_loops_ring, uniq_robin
D:3:      layout_rooms, gammafunk_ghost_mausoleum, uniq_ijyb, uniq_sigmund
D:4:      layout_basic, nzn_overflow_gifts_of_might_and_magic, zin_statuary,
          serial_shops, shop
D:5:      layout_basic, uniq_pikel, uniq_edmund
D:6:      kennysheep_big_flooded_room, layout_rooms, lemuel_flamethrower_1
D:7:      layout_cave_pools, pdpol_wu_jian_five_deadly_venoms, temple_green,
          uniq_prince_ribbit1
D:8:      layout_gridville, ashenzari_conservatory_becter,
          nicolae_uskayaw_suspiria, xom_shifter_show,
          mainiacjoe_overflow_alcove_4, serial_shops, nicolae_shop_behind_doors,
          nicolae_shop_competitors_out_of_business
D:9:      layout_roguey, david_lair_generic, lightli_church_of_beogh
D:10:     layout_roguey, mainiacjoe_overflow_divided_tiny,
          eino_small_chamber_without_monster
D:11:     layout_irregular_city, orc_0_dummy, gammafunk_ghost_berserking_beasts,
          serial_column_ruins, column_ruins_corridor_T, column_ruins_grid_1,
          column_ruins_open_medium, column_ruins_open_small_water,
          column_ruins_columns_straight, column_ruins_corridor_straight,
          nicolae_qazlal_scattered_showers, uniq_maurice

Skill      XL: |  1  2  3  4  5  6  7  8  9 10 11 |
---------------+----------------------------------+-----
Fighting       | 4 5 7 9 10 11 | 11.8
Polearms       | 4 5 7 9 10 11 | 11.9
Armour         | 3 4 5 6 7 9 10 11 | 11.5
Dodging        | 3 4 5 6 8 9 10 | 10.6

Action                   |  1- 3 |  4- 6 |  7- 9 | 10-12 || total
-------------------------+-------+-------+-------+-------++-------
Melee: Spear             |   101 |    56 |       |       ||   157
       Headbutt          |     7 |    12 |    28 |    31 ||    78
       Hand axe          |       |    46 |   165 |   159 ||   370
Invok: Berserk           |       |     2 |     5 |     4 ||    11
       Brothers in Arms  |       |       |     1 |     1 ||     2
  Use: Scroll            |     5 |     5 |    10 |     3 ||    23
       Potion            |     1 |     1 |     2 |     1 ||     5
 Stab: Sleeping          |     1 |       |       |       ||     1
Armor: Animal skin       |     7 |       |       |       ||     7
       Leather armour    |     3 |    16 |       |       ||    19
       Chain mail        |       |     9 |    90 |   135 ||   234
Dodge: Dodged            |    35 |    27 |    41 |   128 ||   231
Block: Tower shield      |       |    25 |   102 |   140 ||   267
